 Dungeon Crawl Stone Soup version 0.25.1-8-g42b30a86e7 (webtiles) character file.

Game seed: 13708708556518281431

68 JohnSpartan the Conjurer (level 4, -1/30 HPs)
             Began as a Human Conjurer on Dec 18, 2020.
             Slain by an orc
             ... wielding a +0 flail
              (3 damage)
             ... on level 2 of the Dungeon.
             The game lasted 00:18:34 (2603 turns).

JohnSpartan the Conjurer (Human Conjurer)           Turns: 2603, Time: 00:18:35

Health: -1/30      AC:  5    Str:  8    XL:     4   Next: 41%
Magic:  0/7        EV: 13    Int: 16    God:
Gold:   62         SH:  0    Dex: 14    Spells: 1/7 levels left

rFire    . . .     SeeInvis .   d - +0 whip
rCold    + . .     Gourm    .   (no shield)
rNeg     . . .     Faith    .   a - +1 robe
rPois    .         Spirit   .   (no helmet)
rElec    .         Reflect  .   (no cloak)
rCorr    .         Harm     .   (no gloves)
MR       .....                  (no boots)
Stlth    ++........             (no amulet)
HPRegen  0.10/turn              l - ring of protection from cold
MPRegen  0.10/turn              (no ring)

@: no status effects
A: molten scales 1, blink
a: Blink


You were on level 2 of the Dungeon.
You were near starving.

You visited 1 branch of the dungeon, and saw 3 of its levels.

You collected 62 gold pieces.

Inventory:

Hand Weapons
 d - a +0 whip (weapon)
 f - a +0 whip
 h - a +0 dagger
Armour
 a - a +1 robe (worn)
 b - a +0 leather armour
 j - a +0 robe
Jewellery
 e - a cursed +6 ring of intelligence
 g - an uncursed ring of flight {unknown}
 l - a ring of protection from cold (left hand)
Scrolls
 n - a scroll of identify
Potions
 k - a potion of cancellation
Comestibles
 c - 6 rations


   Skills:
 + Level 0.2 Fighting
 + Level 0.2 Maces & Flails
 + Level 2.3 Dodging
 + Level 2.2 Stealth
 + Level 2.4 Spellcasting
 + Level 5.0 Conjurations


You had one spell level left.
You knew the following spells:

 Your Spells              Type           Power        Failure   Level  Hunger
a - Magic Dart            Conj           ###.         2%          1    #......
b - Searing Ray           Conj           ###...       3%          2    ###....
c - Dazzling Flash        Conj/Hex       #.....       22%         3    ###....

Your spell library contained the following spells:

 Spells                   Type           Power        Failure   Level  Hunger
 Fulminant Prism          Conj/Hex       #.........   56%         4    #####..
 Iskenderun's Mystic Bla  Conj/Tloc      #.......     56%         4    #####..


Dungeon Overview and Level Annotations

Branches:
Dungeon (3/15)

Altars:


Innate Abilities, Weirdness & Mutations

You are partially covered in molten scales. (AC +2)
You can translocate small distances at will.


Message History

The orc misses you.
As you read the scroll of random uselessness, it crumbles to dust.
You experience a momentary feeling of inescapable doom!
The orc hits you with a +0 flail.
* * * LOW HITPOINT WARNING * * *
Unknown command.
Casting: Magic Dart (safe; 2% risk of failure)
Confirm with . or Enter, or press ? or * to list all spells.
Aiming: Searing Ray (safe; 3% risk of failure)
Press: ? - help, Shift-Dir - straight line, f/p - orc
Aim: an orc, wielding a +0 flail and wearing a +0 scale mail The searing ray hits the orc.
The orc is almost dead. (Press . to maintain the ray.)
The orc closely misses you.
You barely miss the orc.
The orc is almost dead.
You are near starving!
The orc hits you with a +0 flail.
You die...

...#.# #.# #.#.#........# ...#.#
#.# #.#.#.#####.## ##.#.# #.#
#.#.#.#...#.##
##.#.####.##########.#.#.....#.##
.................................
.#.#########.......#.#.....)...##
.#......................##...<##
........................#######
.##########....#@.......# .#
########....#o......(#
.###...........#........#
...........)...#........#
..รท............#.########
.....#######..##.# .....#
##.##.##### .....# #..#.....#
.....# ##.#.....#


You could see an orc.

Vanquished Creatures
  2 adders (D:2)
  A worm (D:2)
  A leopard gecko (D:1)
  5 bats
  2 giant cockroaches
  5 goblins
  6 hobgoblins
  2 jackals (D:2)
  2 kobolds
  4 quokkas (D:2)
  3 frilled lizards
  11 rats
44 creatures vanquished.

Notes
Turn   | Place    | Note
-------+----------+-------------------------------------------
     0 | D:1      | JohnSpartan the Human Conjurer began the quest for the Orb.
     0 | D:1      | Reached XP level 1. HP: 13/13 MP: 3/3
   126 | D:1      | Reached XP level 2. HP: 17/19 MP: 0/5
   426 | D:1      | Learned a level 2 spell: Searing Ray
   685 | D:2      | Reached XP level 3. HP: 24/24 MP: 3/6
   737 | D:2      | Gained mutation: You can translocate small distances at
                  | will. [potion of mutation]
   737 | D:2      | Gained mutation: You are partially covered in molten
                  | scales. (AC +2) [potion of mutation]
  1163 | D:2      | Reached XP level 4. HP: 19/30 MP: 1/7
  1387 | D:2      | Learned a level 3 spell: Dazzling Flash
  2519 | D:3      | Reached skill level 5 in Conjurations
  2599 | D:2      | HP: 1/30 [orc/+0 flail (4)]
  2603 | D:2      | Slain by an orc

Illustrated notes

Levels and vault maps discovered:
D:1:      dpeg_arrival_concentric_ovals, layout_basic
D:2:      layout_basic
D:3:      layout_loops_ring, lemuel_coloured_pillars_altar, uniq_robin

Skill      XL: |  1  2  3  4 |
---------------+-------------+-----
Conjurations   | 5 |  5.0
Fighting       | |  0.2
Maces & Flails | |  0.2
Dodging        | |  2.3
Stealth        | |  2.2
Spellcasting   | |  2.4

Action                   |  1- 3 |  4- 6 || total
-------------------------+-------+-------++-------
Melee: Unarmed           |    11 |       ||    11
       Whip              |    32 |    53 ||    85
 Cast: Magic Dart        |    49 |     9 ||    58
       Searing Ray       |     8 |     4 ||    12
       Dazzling Flash    |       |     2 ||     2
 Abil: Blink             |       |     3 ||     3
  Use: Scroll            |     2 |     6 ||     8
       Potion            |     2 |     1 ||     3
 Stab: Sleeping          |       |     1 ||     1
  Eat: Chunk             |     2 |     4 ||     6
Armor: Robe              |    45 |    18 ||    63
Dodge: Dodged            |    99 |    44 ||   143
